 Dungeon Crawl Stone Soup version 0.31-a0-960-g0fca184906 (webtiles) character file.

Game seed: 16577665051348797710

149 gelatine the Ruffian (level 5, -7/37 HPs)
             Began as a Demonspawn Shapeshifter on Oct 23, 2023.
             Mangled by an ogre
             ... wielding a +0 giant spiked club
              (29 damage)
             ... on level 3 of the Dungeon.
             The game lasted 00:05:30 (2629 turns).

gelatine the Ruffian (Demonspawn Shapeshifter)      Turns: 2629, Time: 00:05:31

Health: -7/37      AC:  7    Str: 17    XL:     5   Next: 9%
Magic:  5/5        EV: 10    Int: 11    God:
Gold:   74         SH:  4    Dex: 12    Spells: 4/4 levels left

rFire   . .          .
                       - Unarmed
rCold   . . .        j - +0 buckler
rNeg    + . .        r - +0 ring mail
rPois   .            (helmet currently unavailable)
rElec   .            (cloak currently unavailable)
rCorr   .            (gloves currently unavailable)
SInv    .            (boots currently unavailable)
Will    .....        (no amulet)
Stlth   +            k - ring of positive energy
HPRegen 0.26/turn    (no ring)
MPRegen 0.09/turn

%: no passive effects
@: beast-form
A: beast (slay +1), yellow scales 1, demonic magic 1, demonic touch 1
a: Begin Untransformation


You were on level 3 of the Dungeon.
You were a hulking beast.
You visited 1 branch of the dungeon, and saw 3 of its levels.

You collected 74 gold pieces.

Inventory:

Hand Weapons
 i - a +3 hand axe
Missiles
 e - 66 stones
 f - 2 poisoned darts
 h - 2 boomerangs
Armour
 a - a +0 animal skin
 j - a +0 buckler (worn)
 r - a +0 ring mail (worn)
Jewellery
 k - a ring of positive energy (left hand)
Talismans
 c - a beast talisman
 d - a flux talisman
Scrolls
 g - 3 scrolls of identify {unknown}
 l - a scroll of noise {unknown}
 p - 2 scrolls of teleportation {unknown}
Potions
 b - a potion of lignification
 m - a potion of attraction {unknown}
 n - a potion of degeneration {unknown}
 o - a potion of brilliance {unknown}
 q - a potion of curing {unknown}


   Skills:
 * Level 1.6 Fighting
 + Level 2.0 Dodging
 + Level 1.0 Stealth
 + Level 0.6 Shields
 * Level 4.1 Unarmed Combat
 * Level 3.4 Shapeshifting


You had 4 spell levels left.
You didn't know any spells.
Your spell library contained the following spells:

 Spells                   Type           Power      Damage    Failure   Level
 Cigotuvi's Dreadful Rot  Necr/Pois/Air  0%         N/A       78%         2
 Ensorcelled Hibernation  Hex/Ice        0%         N/A       78%         2
 Passwall                 Tmut/Erth      0%         N/A       78%         2
 Gell's Gravitas          Tloc           0%         N/A       95%         3
 Swiftness                Air            0%         N/A       95%         3
 Teleport Other           Tloc           0%         N/A       95%         3
 Dispel Undead            Necr           0%         3d6       100%        4
 Death Channel            Necr           0%         N/A       100%        6
 Dispersal                Tloc           0%         N/A       100%        6


Dungeon Overview and Level Annotations

Branches:
Dungeon (3/15)

Altars:

Annotations:
D:3 1 runed translucent door, Xavori's ghost, amateur DjCK


Innate Abilities, Weirdness & Mutations

You are a hulking beast.
Your limbs bulge with bestial killing power. (Slay +1)
You are partially covered in yellow scales. (AC +2)
Spells you cast may paralyse adjacent enemies.
Your touch may inflict minor irresistible damage on your foes.


Message History

a +0 short sword; an orc corpse
Things that are here:
a +0 mace; a +0 chain mail
Things that are here:
a +0 dagger; a +0 robe; an orc corpse
Things that are here:
a +0 mace; a +0 chain mail
Okay, then.
Things that are here:
a +0 short sword; an orc corpse
Things that are here:
a +0 dagger; a +0 ring mail You start removing your armour.
You continue taking off your +0 animal skin. x4
You finish taking off your +0 animal skin.
You start putting on your armour.
You continue putting on your +0 ring mail. x5
You finish putting on your +0 ring mail.
p - 2 scrolls labelled NULUOGUORE (gained 1)
An orc comes into view. It is wielding a +0 hand axe.
The orc shouts!
An ogre comes into view. It is wielding a +0 giant spiked club.
The ogre shouts!
The orc hits you but does no damage.
You hit the orc.
The orc is severely wounded.
The orc closely misses you.
The ogre hits you with a +0 giant spiked club!
The orc barely misses you.
You hit the orc.
You kill the orc!
The ogre barely misses you.
You see here a +0 hand axe.
You hit the ogre.
The ogre is moderately wounded.
You hit the ogre.
The ogre is moderately wounded.
The ogre hits you with a +0 giant spiked club!!
Ouch! That really hurt!
You die...

#+# #........##..
#.####............
#######............#)##.
..........#.........))..
..........#.......).##..
..........#.........#...
....................#...
.....#O####........####
... #h# ########....# #
#.# ####.# #.# #.# #.#
#.. #.# ### #.# # #.# #
#.# #.#


You could see an ogre.

Vanquished Creatures
  An orc priest (D:3)
  An orc wizard (D:3)
  3 adders
  2 worms (D:2)
  5 orcs (D:3)
  6 bats
  4 endoplasms
  4 giant cockroaches
  5 goblins
  6 hobgoblins
  5 jackals
  12 kobolds
  3 ball pythons
  7 frilled lizards
  4 rats (D:1)
68 creatures vanquished.

Notes
Turn   | Place    | Note
-------+----------+-------------------------------------------
     0 | D:1      | gelatine the Demonspawn Shapeshifter began the quest for
                  | the Orb.
     0 | D:1      | Reached XP level 1. HP: 15/15 MP: 1/1
   267 | D:1      | Gained mutation: Spells you cast may paralyse adjacent
                  | enemies. [demonic ancestry]
   267 | D:1      | Reached XP level 2. HP: 21/21 MP: 2/2
   336 | D:1      | Reached skill level 3 in Unarmed Combat
   727 | D:1      | Gained mutation: Your touch may inflict minor irresistible
                  | damage on your foes. [demonic ancestry]
   727 | D:1      | Reached XP level 3. HP: 22/26 MP: 3/3
  1292 | D:2      | Reached skill level 1 in Stealth
  2218 | D:3      | Gained mutation: You are partially covered in yellow
                  | scales. (AC +2) [demonic ancestry]
  2218 | D:3      | Reached XP level 4. HP: 26/32 MP: 4/4
  2247 | D:3      | Found a runed translucent door.
  2266 | D:3      | Noticed Xavori's ghost (amateur DjCK)
  2445 | D:3      | Reached skill level 4 in Unarmed Combat
  2449 | D:3      | Reached XP level 5. HP: 13/37 MP: 5/5
  2619 | D:3      | Noticed an ogre
  2629 | D:3      | Mangled by an ogre

Illustrated notes

Levels and vault maps discovered:
D:1:      matt_arrival_spirals, layout_loops_corners,
          chequers_serial_rivers_micro_e, lexackson_kobold_supper
D:2:      layout_basic, minivault_11, minmay_fractal_squares_gapless_5
D:3:      layout_basic, ebering_ghost_sewer_d

Skill      XL: |  1  2  3  4 |
---------------+-------------+-----
Unarmed Combat | 3 4 |  4.1
Shapeshifting  | 3 |  3.4
Stealth        | 1 |  1.0
Dodging        | 2 |  2.0
Fighting       | |  1.6
Shields        | |  0.6

Action                     |  1- 3 |  4- 6 || total
---------------------------+-------+-------++-------
  Melee: Unarmed           |   155 |    58 ||   213
         Punch             |     8 |       ||     8
         Touch             |    21 |     2 ||    23
    Use: Potion            |       |     1 ||     1
 Armour: Animal skin       |    54 |    40 ||    94
         Ring mail         |       |     3 ||     3
  Dodge: Dodged            |    85 |    22 ||   107
  Block: Buckler           |       |    11 ||    11

Table legend: (Time is in decaauts)
 A = Elapsed time spent in this place.
 B = Non-inter-level travel time spent in this place.
 C = Inter-level travel time spent in this place.
 D = Time resting spent in this place.
 E = Time spent auto-exploring this place.
 F = Levels seen in this place.
 G = Mean time per level.
                   A        B        C        D        E       F      G
               +--------+--------+--------+--------+--------+-----+--------+
         Total |   2617 |   2487 |    130 |      0 |   1903 |   3 |  872.3 |
       Dungeon |   2617 |   2487 |    130 |      0 |   1903 |   3 |  872.3 |
               +--------+--------+--------+--------+--------+-----+--------+

Top non-repeatable levels by time:
     D:1: 1234 daAuts
     D:2: 961 daAuts
     D:3: 421 daAuts
